Unix NetHack Version 5.0.0-0 post-release - last build May  4 2026 22:22:43 (774f63e81ad911689b3a0859ea89b322d5daca8d,branch:main).

Game began 2026-05-05 15:57:03, ended 2026-05-05 16:13:38.

BeardyHaddock, chaotic male elven Wizard

                                            ------
          ----------          ----------    |.(..|
          |........|          |.......^-#   |.....
         #.........|          |........|#   |....|
         #|........|          ---.------#   |....|
         #|........|         #####      #   --.---
         #-.-----|--         #          #     #
         ########## #######  #          #   ###
          ###    ###      ####          #   #
            #      #       # ##         #   #
       --   #      #          ###################
        .#####    ####                  #---|---#
        |   #       ###                ##+.....|#B@####
            #     ####                  #|.....|    --|--
          .|#    -.-+------------       #.......####|...|
           .#    |..............|       #-------   #|...-#     -----
          .|     |..............|   #####          #|...|#     |..<|
                 |......>........####              #....|######-(...
                 ----------------                   -----      -----

BeardyHaddock the Conjurer  St:9 Dx:9 Co:15 In:19 Wi:10 Ch:13  Chaotic
Dlvl:4  $:30 HP:0(22) Pw:36(41) AC:7  Xp:4 T:1982 

Latest messages:
 In what direction? 9
 You kick a chest.
 THUD!
 In what direction? 9
 You kick a chest.
 THUD!
 You hear a muffled shatter.
 In what direction? 9
 You kick a chest.
 THUD!
 You hear a muffled shatter.
 In what direction? 9
 You kick a chest.
 THUD!
 In what direction? 9
 You kick a chest.
 THUD!
 You break open the lock!
 You see here a broken chest.
 The chest is empty.
 You swap places with your kitten.
 You see here a giant bat corpse.
 You find a hidden door.
 The door resists!
 The door opens.
 You feel sluggish.
 You feel your magical energy drain away!
 The giant bat bites!
 The giant bat bites!
 The giant bat bites!
 The kitten misses the giant bat.
 The giant bat bites!
 The kitten misses the giant bat.
 The giant bat bites!
 The kitten bites the giant bat.
 The giant bat bites the kitten.
 The giant bat bites!
 The giant bat bites!
 The giant bat bites!
 The kitten misses the giant bat.
 The kitten misses the giant bat.
 In what direction? 4
 The spell misses the giant bat.
 The giant bat bites!
 You die...
 Do you want your possessions identified? [ynq] (y) n
 Do you want to see your attributes? [ynq] (y) n
 Do you want an account of creatures vanquished? [ynaq] (y) n
 Do you want to see your conduct and achievements? [ynq] (y) n
 Do you want to see the dungeon overview? [ynq] (y) n

Inventory:
 Coins    ('$')
  $ - 30 gold pieces
 Amulets  ('"')
  E - an uncursed amulet versus poison
 Weapons  (')')
  a - a blessed +1 quarterstaff (weapon in hands)
 Armor    ('[')
  w - an uncursed +0 pair of high boots (being worn)
  b - an uncursed +0 cloak of magic resistance (being worn)
 Comestibles  ('%')
  A - an uncursed tin of spinach
 Scrolls  ('?')
  s - an uncursed scroll of fire
  j - 2 uncursed scrolls of light
  i - an uncursed scroll of scare monster
  B - a cursed scroll of stinking cloud
 Spellbooks  ('+')
  o - an uncursed spellbook of blank paper
  l - an uncursed spellbook of cure sickness
  k - a blessed spellbook of force bolt
  t - an uncursed spellbook of force bolt
  y - an uncursed spellbook of healing
 Potions  ('!')
  f - an uncursed potion of blindness
  h - 2 uncursed potions of healing
  g - an uncursed potion of water
 Rings    ('=')
  d - an uncursed ring of regeneration (on left hand)
  e - an uncursed ring of slow digestion (on right hand)
 Wands    ('/')
  z - a wand of digging (0:3)
  c - a wand of fire (0:8)
 Tools    ('(')
  n - an uncursed wooden harp
  m - a magic marker (0:20)
 Gems/Stones  ('*')
  C - an uncursed citrine stone
  D - an uncursed worthless piece of blue glass

BeardyHaddock the Wizard's attributes:

Background:
 You were a Conjurer, a level 4 male elven Wizard.
 You were chaotic, nominally on a mission for Anhur
 who was opposed by Ptah (lawful) and Thoth (neutral).
 You were right-handed.
 You were in the Dungeons of Doom, on level 4.
 You entered the dungeon 1982 turns ago.
 You had 82 experience points, 78 more were needed to attain level 5.

Basics:
 You had 0 out of 22 hit points.
 You had 36 out of 41 energy points (spell power).
 Your armor class was 7.
 Your wallet contained 30 zorkmids.
 Autopickup was off.

Final Characteristics:
 Your strength was 9 (limit:18).
 Your dexterity was 9 (peak:10, limit:18).
 Your constitution was 15 (limit:16).
 Your intelligence was 19 (limit:20).
 Your wisdom was 10 (limit:20).
 Your charisma was 13 (limit:18).

Final Status:
 You weren't hungry.
 You were unencumbered.
 You were wielding a quarterstaff.
 You had basic skill with quarterstaff.

Final Attributes:
 You were devoutly aligned.
 You were magic-protected.
 You were sleep resistant.
 You had infravision.
 You regenerated.
 You had slower digestion.
 You were warded.
 You are dead.

Miscellaneous:
 You didn't encounter any bones levels.
 Total elapsed playing time was 16 minutes and 35 seconds.

Major events:
 Turn
    1: BeardyHaddock the chaotic male elven Wizard entered the dungeon
  678: attained the rank of Conjurer (level 3)
  978: entered the Gnomish Mines
 1982: killed by a giant bat

Spells:
 Name                 Level Category     Fail Retention
 force bolt             1   attack         0%  91%-100%
 cure sickness          3   healing       72%  76%-100%
 healing                1   healing        0%  76%-100%

Skills:
 Fighting Skills
   bare handed combat [Unskilled]
   riding             [Unskilled]
 Weapon Skills
   dagger             [Unskilled]
   knife              [Unskilled]
   axe                [Unskilled]
   short sword        [Unskilled]
   club               [Unskilled]
   mace               [Unskilled]
   quarterstaff       [Basic]
   polearms           [Unskilled]
   spear              [Unskilled]
   trident            [Unskilled]
   sling              [Unskilled]
   dart               [Unskilled]
   shuriken           [Unskilled]
 Spellcasting Skills
   attack spells      [Basic]
   healing spells     [Unskilled]
   divination spells  [Unskilled]
   enchantment spells [Basic]
   clerical spells    [Unskilled]
   escape spells      [Unskilled]
   matter spells      [Unskilled]

Voluntary challenges:
 Character rerolling was not enabled.
 You followed a strict vegan diet.
 You were an atheist.
 You never genocided any monsters.
 You never polymorphed an object.
 You never changed form.
 You used no wishes.
Achievements:
 You entered a shop.
 You attained the rank of Conjurer.
 You entered the Gnomish Mines.

 The Dungeons of Doom: levels 1 to 4
    Level 1:
    Level 2:
       An armor shop, a fountain.
       Stairs down to The Gnomish Mines.
    Level 3:
    Level 4: <- You were here.
       Final resting place for
          you, killed by a giant bat.
 The Gnomish Mines:
    Level 3:


Vanquished creatures:
  a fog cloud
  a kobold leader
  a giant bat
  5 orc zombies
  3 dwarf zombies
  a werejackal
  a hobbit
  2 giant rats
  a red mold
  2 gnome zombies
  2 geckos
  3 jackals
  a goblin
  a sewer rat
  2 lichens
  a kobold zombie
  5 newts
33 creatures vanquished.

No species were genocided or became extinct.

Game over:
                       ----------
                      /          \
                     /    REST    \
                    /      IN      \
                   /     PEACE      \
                  /                  \
                  |  BeardyHaddock   |
                  |      30 Au       |
                  |   killed by a    |
                  |    giant bat     |
                  |                  |
                  |                  |
                  |       2026       |
                 *|     *  *  *      | *
        _________)/\\_//(\/(/\)/\//\/|_)_______

Goodbye BeardyHaddock the Wizard...

You died in The Dungeons of Doom on dungeon level 4 with 525 points,
and 30 pieces of gold, after 1982 moves.
You were level 4 with a maximum of 22 hit points when you died.

